 Dungeon Crawl Stone Soup version 0.30-b1-2-g02819fbbbe (webtiles) character file.

Game seed: 18359072078966359999

95 Alarkh the Charlatan (level 4, -3/35 HPs)
             Began as a Demonspawn Artificer on July 11, 2023.
             Slain by an orc
             ... wielding a +0 falchion of pain
              (6 damage)
             ... on level 4 of the Dungeon.
             The game lasted 00:02:12 (1878 turns).

Alarkh the Charlatan (Demonspawn Artificer)         Turns: 1878, Time: 00:02:12

Health: -3/35      AC:  3    Str: 13    XL:     4   Next: 39%
Magic:  4/4        EV: 11    Int: 14    God:
Gold:   77         SH:  0    Dex: 13    Spells: 3/3 levels left

rFire   . . .        a - +1 short sword (venom)
rCold   . . .        (no shield)
rNeg    . . .        b - +0 leather armour
rPois   .            (no helmet)
rElec   .            (no cloak)
rCorr   .            (no gloves)
SInv    .            (no boots)
Will    .....        (no amulet)
Stlth   +            (no ring)
HPRegen 0.25/turn    (no ring)
MPRegen 0.09/turn

%: no passive effects
@: no status effects
A: claws 1
a: no special abilities


You were on level 4 of the Dungeon.
You visited 1 branch of the dungeon, and saw 4 of its levels.

You collected 77 gold pieces.

Inventory:

Hand Weapons
 a - a +1 short sword of venom (weapon)
 g - a +0 club
 n - a +0 short sword
Armour
 b - a +0 leather armour (worn)
Magical Staves
 h - a staff of poison
 o - a staff of air
Jewellery
 l - a ring of positive energy
Wands
 c - a wand of flame (11) (quivered)
 d - a wand of charming (12)
 e - a wand of iceblast (5)
Scrolls
 f - a scroll of fear {unknown}
 i - a scroll of amnesia {unknown}
 j - a scroll of noise {unknown}
 k - a scroll of immolation {unknown}
 m - a scroll of blinking {unknown}


   Skills:
 + Level 3.0 Fighting
 - Level 1.7 Armour
 - Level 0.8 Dodging
 - Level 0.8 Stealth
 * Level 2.5 Unarmed Combat
 - Level 3.0 Evocations


You had 3 spell levels left.
You didn't know any spells.
Your spell library contained the following spells:

 Spells                   Type           Power      Damage    Failure   Level
 Beastly Appendage        Tmut           0%         N/A       36%         1
 Wereblood                Tmut           0%         N/A       50%         2
 Spider Form              Tmut/Pois      0%         N/A       73%         3


Dungeon Overview and Level Annotations

Branches:
Dungeon (4/15)
 Temple: D:4-7

Altars:
Gozag

Shops:
D:3 **

Annotations:
D:2 1 runed translucent door, Crazy Yiuf


Innate Abilities, Weirdness & Mutations

You have sharp fingernails.


Message History

You miss the orc wizard.
The orc wizard is heavily wounded.
The orc wizard hits you but does no damage.
You barely miss the orc wizard. Your claw misses the orc wizard.
The orc wizard is heavily wounded.
The orc wizard barely misses you.
You hit the orc wizard but do no damage.
The orc wizard looks even sicker.
The orc wizard is heavily wounded.
The orc wizard gestures at you while chanting.
The magic dart hits you!
Okay, then.
The orc wizard attacks as you move away!
The orc wizard hits you but does no damage.
The orc wizard attacks as you move away!
The orc wizard hits you with a +0 dagger.
* * * LOW HITPOINT WARNING * * *
The orc wizard points at you and mumbles some strange words.
You are confused.
The orc priest miscasts a cantrip.
You bump into the rock wall.
The orc wizard gestures at you while chanting.
The magic dart hits you.
* * * LOW HITPOINT WARNING * * *
You kill the orc wizard!
Your Fighting skill increases to level 3!
It was a potion of magic.
Magic courses through your body.
The orc priest miscasts a cantrip.
The orc attacks as you move away! The orc hits you but does no damage.
You writhe in agony.
* * * LOW HITPOINT WARNING * * *
You feel less confused.
There is a stone staircase leading down here.
The orc hits you with a +0 falchion of pain.
* * * LOW HITPOINT WARNING * * *
You climb downwards.
There is a stone staircase leading up here.
You hit the orc but do no damage.
The orc hits you with a +0 falchion of pain.
You die...

## . .# .#
### ..#
....#####..#
#...o....#
#..@# #####


You could see an orc.

Vanquished Creatures
  An orc wizard (D:3)
  4 adders
  An orc (D:3)
  3 endoplasms
  2 giant cockroaches
  2 goblins (D:1)
  3 hobgoblins
  A quokka (D:2)
  5 ball pythons
  4 bats
  3 frilled lizards (D:2)
  5 kobolds
  2 rats (D:2)
36 creatures vanquished.

Vanquished Creatures (collateral kills)
  A ball python (D:3)
  A kobold (D:3)
  A bat (D:3)
3 creatures vanquished.

Vanquished Creatures (others)
  A kobold (D:1)
1 creature vanquished.

Grand Total: 40 creatures vanquished

Notes
Turn   | Place    | Note
-------+----------+-------------------------------------------
     0 | D:1      | Alarkh the Demonspawn Artificer began the quest for the
                  | Orb.
     0 | D:1      | Reached XP level 1. HP: 15/15 MP: 1/1
   266 | D:1      | Gained mutation: You have sharp fingernails. [demonic
                  | ancestry]
   266 | D:1      | Reached XP level 2. HP: 17/22 MP: 2/2
   776 | D:2      | Reached skill level 1 in Unarmed Combat
   776 | D:2      | Reached XP level 3. HP: 11/28 MP: 3/3
  1474 | D:2      | Found a runed translucent door.
  1475 | D:2      | Noticed Crazy Yiuf
  1670 | D:3      | Reached XP level 4. HP: 30/34 MP: 4/4
  1847 | D:3      | Found Gozag's Platinum Reserve.
  1852 | D:3      | Found an opulent altar of Gozag.
  1857 | D:3      | Found Vuisk's Assorted Antiques.
  1878 | D:4      | Slain by an orc

Illustrated notes

Levels and vault maps discovered:
D:1:      scummos_arrival_simple_crosswalls, layout_rooms
D:2:      layout_basic, nicolae_figureground_sparkle, uniq_crazy_yiuf_cottage
D:3:      layout_basic, nicolae_gozag_zags_fifth_avenue, lemuel_blue_sif_altar,
          serial_shops, nicolae_shop_rolling_square, st_stairs_10
D:4:      layout_basic, okawaru_metal_pillars_1_2, old_standard_altar,
          nemelex_xobeh_ov_fountains_minmay, minmay_temple_entry_large_hall,
          grunt_ministairs_3

Skill      XL: |  1  2  3  4 |
---------------+-------------+-----
Fighting       | 2 3 |  3.0
Unarmed Combat | 1 2 |  2.5
Armour         | |  1.7
Dodging        | |  0.8
Stealth        | |  0.8
Evocations     | |  3.0

Action                     |  1- 3 |  4- 6 || total
---------------------------+-------+-------++-------
  Melee: Short sword       |   143 |    16 ||   159
         Punch             |     2 |       ||     2
  Evoke: Wand              |     5 |     2 ||     7
    Use: Potion            |       |     1 ||     1
   Stab: Sleeping          |     1 |       ||     1
 Armour: Leather armour    |    56 |     3 ||    59
  Dodge: Dodged            |   103 |    11 ||   114
